 Dungeon Crawl Stone Soup version 0.30-a0-800-g7c544603b3 (webtiles) character file.

Game seed: 3156015147920563607

14777 dolemite99 the Fighter (level 12, -2/117 HPs)
             Began as a Djinni Conjurer on Feb 22, 2023.
             Was the Champion of Jiyva.
             Killed from afar by a catoblepas (8 damage)
             ... with a blast of calcifying dust
             ... on level 1 of the Lair of Beasts.
             The game lasted 00:18:04 (12902 turns).

dolemite99 the Fighter (Djinni Conjurer)           Turns: 12902, Time: 00:18:05

Health: -2/117     AC:  3    Str:  6      XL:     12   Next: 49%
Gold:   368        EV: 12    Int: 21 (23) God:    Jiyva [******] SH:  5 Dex: 14

rFire   + + .      SeeInvis +    j - +0 sling (elec)
rCold   x . .      Faith    .    (no shield)
rNeg    . . .      Spirit   .    a - +1 robe
rPois   ∞          Reflect  +    (no helmet)
rElec   .          Harm     .    (no cloak)
rCorr   +          Rampage  .    (no gloves)
Will    +....                    (boots unavailable)
Stlth   ++                       i - amulet of reflection
HPRegen 1.99/turn                (no ring)
MPRegen 0.00/turn                (no ring)

@: flying
A: sickness immunity, fire resistance 2, cold vulnerability 1, float, innate
caster, HP casting, extra vitality 1, see invisible, sense surroundings 1,
robust 2, wild magic 2, tendrils, noise suppression
a: Renounce Religion, Oozemancy, Slimify


You were on level 1 of the Lair of Beasts.
You worshipped Jiyva.
Jiyva was exalted by your worship.
You visited 2 branches of the dungeon, and saw 13 of its levels.
You also visited: Ossuary.

You collected 368 gold pieces.

Inventory:

Hand Weapons
 c - a +0 dagger
 g - a +0 flail
 j - a +0 sling of electrocution (weapon)
 m - a +0 morningstar
 r - a +3 whip
 v - a +3 sling
 w - a +1 flail of protection
 z - a +0 war axe of venom
Missiles
 d - 16 poisoned darts
 x - 4 datura-tipped darts
 A - 2 javelins
Armour
 a - a +1 robe (worn)
 b - a +0 helmet
Magical Staves
 n - a staff of air
Jewellery
 i - an amulet of reflection (around neck)
Wands
 o - a wand of polymorph (1)
 q - a wand of flame (11)
 s - a wand of roots (13)
 u - a wand of paralysis (8)
Scrolls
 e - 2 scrolls of enchant armour
 l - a scroll of magic mapping
 t - 4 scrolls of identify {@r1}
 y - a scroll of enchant weapon
Potions
 f - 3 potions of attraction
 h - 4 potions of curing
 k - a potion of magic
 p - 2 potions of heal wounds {unknown}
 B - a potion of haste {unknown}


   Skills:
 + Level 13.5 Fighting
 - Level 2.1 Dodging
 - Level 1.5 Stealth
 + Level 11.4 Spellcasting


You knew the following spells:

 Your Spells              Type           Power      Damage    Failure   Level
a - Stone Arrow           Conj/Erth      100%       3d13      1%          3
b - Searing Ray           Conj           100%       2d8       1%          2
c - Dazzling Flash        Conj/Hex       100%       N/A       1%          3
d - Fulminant Prism       Conj/Hex       38%        3d17      2%          4
e - Iskenderun's Mystic   Conj/Tloc      77%        2d15      2%          4
f - Slow                  Hex            100%       N/A       1%          1
g - Passwall              Tmut/Erth      64%        N/A       1%          2
h - Spider Form           Tmut/Pois      77%        N/A       1%          3
i - Magic Dart            Conj           100%       1d8       1%          1
j - Ice Form              Ice/Tmut       77%        N/A       2%          4
Your spell library was empty.

Dungeon Overview and Level Annotations

Branches:
Dungeon (12/15)            Temple (0/1) D:4            Lair (1/5) D:8
    Orc (0/2) D:9         Ossuary (visited)

Altars:
Trog
Uskayaw
Xom
Jiyva

Shops:
D:4 [   D:9 [(

Annotations:
D:11 2 transporters, exclusion: orange crystal statue, tarna41's ghost, journeyman MiBe


Innate Abilities, Weirdness & Mutations

You are immune to sickness and miasma.
You are immune to poison.
Your flesh is very heat resistant. (rF++)
You are vulnerable to cold. (rC-)
You float through the air rather than walking.
You learn spells naturally, not from books.
Your magical power is your life essence.
You have superior vitality. (+4 MHP)
You have supernaturally acute eyesight. (SInv)
You passively map a small area around you.
You are very robust. (+20% HP)
Your spells are harder to cast, but more powerful.
You are covered in slimy tendrils that may disarm your opponents.
You passively dampen the noise of your surroundings.


Message History

The wolf is engulfed in calcifying dust.
The wolf stops moving altogether!
Okay, then.
Okay, then.
The wolf attacks as you move away! You block the wolf's attack.
The wolf is engulfed in calcifying dust.
The wolf is moving more slowly.
The wolf is engulfed in calcifying dust.
The wolf is moving more slowly.
The wolf is engulfed in calcifying dust.
The wolf stops moving altogether!
Your limbs are stiffening.
The wolf is engulfed in calcifying dust. x5
The wolf stops moving altogether!
The wolf is engulfed in calcifying dust.
You have turned to stone.
The wolf is engulfed in calcifying dust. x2
The catoblepas gores you!! The catoblepas gores you!! The yak gores you!
The catoblepas gores you!! The yak gores you! The catoblepas gores you!!
The yak gores you!
You turn to flesh and can move again.
Unknown command.
Unknown command.
Unknown command.
The yak attacks as you move away! You block the yak's attack.
The catoblepas attacks as you move away!
The catoblepas gores you. The yak attacks as you move away!
The yak completely misses you.
The catoblepas attacks as you move away!
The catoblepas gores you!!
* * * LOW HITPOINT WARNING * * *
Okay, then.
Okay, then.
The catoblepas attacks as you move away!
The catoblepas gores you!!
* * * LOW HITPOINT WARNING * * *
The wolf is no longer petrified.
The catoblepas breathes a plume of calcifying dust at you.
The blast of calcifying dust hits you!
You die...

...........###......h.h...###.#..
...........##....h.###...###.....
...........###(.hh## #...# #....#
............##..h.# #..Y###hh..#
...........###....# #...##......
...........P#P....# #...........
...........###..YY## #...h.......
...........##...§..# ####...###..
...........###..@.## #....# #.
...........##.....## ##...# *.
...........###.....# ....# ,
............##....## , .....#
...........###....# *..^####
####....<..##.....# *
##.......###[...# #........#
#....# ####.......# #....# ,, ~


You could see a catoblepas, a yak and 4 wolves.

Vanquished Creatures
  A two-headed ogre (D:10)
  A tengu warrior (D:9)
  A cyclops (D:9)
  A manticore (D:11)
  Joseph (D:9)
  An efreet (D:10)
  A komodo dragon (Lair:1)
  Psyche (D:11)
  2 kobold demonologists
  3 wyverns
  A wraith (D:11)
  34 yaks
  A basilisk (D:11)
  3 steam dragons
  Grum (D:9)
  4 vampire mosquitoes
  2 water moccasins
  2 acid dragons
  5 orc warriors
  A sky beast (D:8)
  3 ice beasts
  A black bear (D:5)
  4 wolves (D:9)
  An ogre (D:7)
  4 centaurs
  2 kobold brigands
  7 bullfrogs
  2 scorpions
  A necrophage (D:6)
  15 killer bees
  A centaur zombie (Ossuary)
  A human zombie (Ossuary)
  2 orc priests (D:4)
  2 hounds
  3 iguanas
  5 orc wizards
  A gnoll (D:1)
  4 adders
  2 white imps
  2 ufetubi
  An adder zombie (Ossuary)
  A worm (D:2)
  25 orcs
  5 bats (D:1)
  An endoplasm (D:1)
  5 goblins
  6 hobgoblins
  3 jackals (D:4)
  12 kobolds
  8 quokkas
  6 ball pythons
  4 frilled lizards
  6 hobgoblin zombies (Ossuary)
  2 kobold zombies (Ossuary)
  5 orc zombies (Ossuary)
  8 rats
228 creatures vanquished.

Vanquished Creatures (collateral kills)
  A tengu conjurer (D:9)
  A komodo dragon (D:7)
  A shadow (D:9)
  A vampire (D:9)
  An ice beast (D:7)
  3 iguanas (D:7)
  3 frilled lizards (D:7)
11 creatures vanquished.

Vanquished Creatures (others)
  Grinder (D:3)
  2 black bears
  A kobold brigand (D:9)
  A scorpion (D:5)
  A killer bee (D:11)
  An orc priest (D:8)
  59 jellies
  Terence (D:3)
  2 iguanas
  5 orc wizards
  A mummy (Ossuary)
  Robin (D:3)
  3 gnolls (D:6)
  4 adders
  2 adder zombies (Ossuary)
  A worm (D:3)
  19 orcs
  2 endoplasms
  3 giant cockroaches (D:2)
  9 goblins
  4 hobgoblins
  A jackal (D:4)
  2 kobolds
  A ball python (D:4)
  3 bats
  A frilled lizard (D:3)
  2 goblin zombies (Ossuary)
  6 hobgoblin zombies (Ossuary)
  A jackal zombie (Ossuary)
  3 kobold zombies (Ossuary)
  5 orc zombies (Ossuary)
  2 rat zombies (Ossuary)
  35 fulminant prisms
  30 fungi
  16 plants
231 creatures vanquished.

Grand Total: 470 creatures vanquished

Notes
Turn   | Place    | Note
-------+----------+-------------------------------------------
     0 | D:1      | dolemite99 the Djinni Conjurer began the quest for the Orb.
     0 | D:1      | dolemite99 set off with the following spells memorised:
                  | Magic Dart, Searing Ray, Dazzling Flash, Fulminant Prism,
                  | Iskenderun's Mystic Blast.
     0 | D:1      | Reached XP level 1. HP: 15/15 MP: 0/0
    62 | D:1      | Reached XP level 2. HP: 14/21 MP: 0/0
   151 | D:1      | Reached XP level 3. HP: 25/25 MP: 0/0
   151 | D:1      | Learned a level 1 spell: Slow
   412 | D:1      | Found a faded altar of an unknown god.
   420 | D:1      | Prayed at the altar of an unknown god.
   420 | D:1      | Became a worshipper of Jiyva Jaeriogg the Shapeless
   420 | D:1      | Reached * piety under Jiyva
   663 | D:2      | Reached XP level 4. HP: 31/31 MP: 0/0
   820 | D:2      | Reached ** piety under Jiyva
  1167 | D:2      | Reached skill level 1 in Fighting
  1330 | D:3      | Noticed Terence
  1550 | D:3      | Reached *** piety under Jiyva
  1668 | D:3      | Killed Robin
  1749 | D:3      | Killed Grinder
  1830 | D:3      | Gained mutation: You are covered in slimy tendrils that may
                  | disarm your opponents. [Jiyva's grace]
  1830 | D:3      | Gained mutation: Your spells are a little harder to cast,
                  | but a little more powerful. [Jiyva's grace]
  1830 | D:3      | Gained mutation: Your spells are harder to cast, but more
                  | powerful. [Jiyva's grace]
  1830 | D:3      | Gained mutation: Your spells are much harder to cast, but
                  | much more powerful. [Jiyva's grace]
  1831 | D:3      | Found a hide-covered altar of Uskayaw.
  1833 | D:3      | Found a shimmering altar of Xom.
  1926 | D:3      | Reached XP level 5. HP: 37/38 MP: 0/0
  1926 | D:3      | Learned a level 2 spell: Passwall
  2052 | D:3      | Killed Terence
  2066 | D:4      | Found a staircase to the Ecumenical Temple.
  2069 | D:4      | Noticed an ice beast
  2118 | D:4      | Reached skill level 2 in Fighting
  2296 | D:4      | Killed a black bear
  2474 | D:4      | Killed an ice beast
  2475 | D:4      | Reached skill level 3 in Fighting
  2475 | D:4      | Reached skill level 5 in Spellcasting
  2475 | D:4      | Reached XP level 6. HP: 46/46 MP: 0/0
  2846 | D:4      | Reached XP level 7. HP: 38/51 MP: 0/0
  2846 | D:4      | Learned a level 3 spell: Spider Form
  3052 | D:4      | Reached **** piety under Jiyva
  3133 | D:4      | Found Issobbimn's Armour Boutique.
  3166 | D:5      | Entered Level 5 of the Dungeon
  3207 | D:5      | Reached skill level 4 in Fighting
  3258 | D:5      | Found a sand-covered staircase.
  3267 | Ossuary  | Entered an ossuary
  4361 | D:5      | Noticed a steam dragon
  4367 | D:5      | Killed a steam dragon
  4368 | D:5      | Reached skill level 5 in Fighting
  4368 | D:5      | Reached XP level 8. HP: 54/59 MP: 0/0
  4725 | D:5      | Reached ***** piety under Jiyva
  4725 | D:5      | Lost mutation: Your spells are much harder to cast, but
                  | much more powerful. [Jiyva's grace]
  4725 | D:5      | Lost mutation: You are covered in slimy tendrils that may
                  | disarm your opponents. [Jiyva's grace]
  4725 | D:5      | Gained mutation: You passively map a small area around you.
                  | [Jiyva's grace]
  4725 | D:5      | Gained mutation: You passively map the area around you.
                  | [Jiyva's grace]
  4725 | D:5      | Gained mutation: You passively map a large area around you.
                  | [Jiyva's grace]
  4725 | D:5      | Gained mutation: Your melee attacks may engulf your foes in
                  | ooze. [Jiyva's grace]
  5940 | D:7      | Reached skill level 6 in Fighting
  5992 | D:7      | Noticed a komodo dragon
  5999 | D:7      | Killed a komodo dragon
  6041 | D:7      | Reached XP level 9. HP: 60/67 MP: 0/0
  6041 | D:7      | Learned a level 3 spell: Stone Arrow
  6057 | D:7      | Reached skill level 7 in Fighting
  6914 | D:8      | Reached skill level 8 in Fighting
  6936 | D:8      | Found a staircase to the Lair.
  7098 | D:8      | Reached XP level 10. HP: 74/77 MP: 0/0
  7198 | D:8      | Reached skill level 9 in Fighting
  7875 | D:9      | Noticed Joseph
  7895 | D:9      | Killed Joseph
  7896 | D:9      | Reached skill level 10 in Fighting
  7959 | D:9      | Noticed Grum
  7965 | D:9      | Killed Grum
  8249 | D:9      | Noticed a kobold demonologist
  8284 | D:9      | Noticed a cyclops
  8295 | D:9      | Killed a kobold demonologist
  8298 | D:9      | Killed a cyclops
  8299 | D:9      | Reached XP level 11. HP: 78/86 MP: 0/0
  8299 | D:9      | Learned a level 4 spell: Ice Form
  8335 | D:9      | Reached skill level 11 in Fighting
  8445 | D:9      | Lost mutation: You passively map a large area around you.
                  | [Jiyva's grace]
  8445 | D:9      | Gained mutation: You have a small jelly attached to you
                  | that may absorb projectiles. [Jiyva's grace]
  8445 | D:9      | Gained mutation: You are covered in slimy tendrils that may
                  | disarm your opponents. [Jiyva's grace]
  8445 | D:9      | Gained mutation: Your rubbery body absorbs attacks. (AC +1,
                  | EV +1) [Jiyva's grace]
  8445 | D:9      | Gained mutation: Your pliable body absorbs attacks. (AC +2,
                  | EV +2) [Jiyva's grace]
  8566 | D:9      | Reached ****** piety under Jiyva
  8636 | D:9      | Noticed a tengu warrior
  8645 | D:9      | Killed a tengu warrior
  8646 | D:9      | Reached skill level 10 in Spellcasting
  8888 | D:9      | Found Baupalin's Weapon Shop.
  8890 | D:9      | Found a staircase to the Orcish Mines.
  8890 | D:9      | Found Vismeop's Armour Shop.
  9142 | D:10     | Entered Level 10 of the Dungeon
  9154 | D:10     | Reached skill level 12 in Fighting
  9543 | D:10     | Noticed a two-headed ogre
  9555 | D:10     | Killed a two-headed ogre
  9974 | D:10     | Reached XP level 12. HP: 16/96 MP: 0/0
 10415 | D:11     | Found a transporter.
 10415 | D:11     | Found a transporter.
 10626 | D:11     | Noticed a two-headed ogre
 10629 | D:11     | Found a bloodstained altar of Trog.
 10629 | D:11     | Noticed tarna41's ghost (journeyman MiBe)
 10629 | D:11     | Noticed a two-headed ogre
 10629 | D:11     | Noticed a tengu warrior
 10654 | D:11     | Noticed Psyche
 10662 | D:11     | Killed Psyche
 11109 | D:11     | Reached skill level 13 in Fighting
 11448 | D:11     | Noticed a two-headed ogre
 11609 | D:11     | Noticed a boulder beetle
 11752 | D:11     | Noticed a two-headed ogre
 12321 | Lair:1   | Entered Level 1 of the Lair of Beasts
 12386 | Lair:1   | Lost mutation: You passively map the area around you.
                  | [Jiyva's grace]
 12386 | Lair:1   | Lost mutation: Your pliable body absorbs attacks. (AC +2,
                  | EV +2) [Jiyva's grace]
 12386 | Lair:1   | Lost mutation: Your rubbery body absorbs attacks. (AC +1,
                  | EV +1) [Jiyva's grace]
 12386 | Lair:1   | Lost mutation: You have a small jelly attached to you that
                  | may absorb projectiles. [Jiyva's grace]
 12386 | Lair:1   | Lost mutation: Your melee attacks may engulf your foes in
                  | ooze. [Jiyva's grace]
 12386 | Lair:1   | Gained mutation: You have supernaturally acute eyesight.
                  | (SInv) [Jiyva's grace]
 12386 | Lair:1   | Gained mutation: You passively dampen the noise of your
                  | surroundings. [Jiyva's grace]
 12386 | Lair:1   | Gained mutation: You are robust. (+10% HP) [Jiyva's grace]
 12386 | Lair:1   | Gained mutation: You are very robust. (+20% HP) [Jiyva's
                  | grace]
 12883 | Lair:1   | Noticed a catoblepas
 12902 | Lair:1   | HP: 4/117 [catoblepas (28)]
 12902 | Lair:1   | Killed from afar by a catoblepas

Illustrated notes

Levels and vault maps discovered:
D:1:      evilmike_arrival_hilbert_curve, layout_basic,
          ebering_ecumenical_altar_hall
D:2:      layout_basic, st_stairs_7, chequers_serial_rivers_small_b, uniq_robin
D:3:      layout_basic, gammafunk_temple_overflow_claw, uniq_terence,
          uniq_grinder
D:4:      layout_basic, temple_fountains, serial_shops, shop, serial_aquarium,
          aquarium_bridge_island_small [aquarium_subvault_small_open,
          aquarium_subvault_window, aquarium_subvault_bridge,
          aquarium_subvault_window, aquarium_subvault_window],
          aquarium_window_1, aquarium_window_1, aquarium_window_1,
          aquarium_view_2b, aquarium_view_2a, aquarium_balcony_double_4
D:5:      layout_layer_cave, chequers_ossuary_entry_cave,
          eino_small_chamber_without_monster, serial_park_tiny_2,
          chequers_serial_rivers_marsh, hangedman_decor_opposing
D:6:      layout_cave_pods, minivault_22
D:7:      layout_basic, minmay_lizard_king
D:8:      layout_loops_ring, lair_entry_dummy, nicolae_hexahallways,
          chequers_serial_rivers_micro_b
D:9:      layout_loops_ring, orc_david_3, minmay_pinched_square, uniq_grum,
          uniq_joseph
D:10:     layout_basic
D:11:     layout_basic, gammafunk_ghost_wrathful_warriors, minivault_15,
          uniq_psyche
D:12:     layout_roguey, portal_ice_cave_rime, serial_shops,
          kennysheep_mini_moat
Lair:1:   layout_cellular_growth, special_room [special_room_bee],
          chequers_serial_rivers_small_3

Skill      XL: |  1  2  3  4  5  6  7  8  9 10 11 12 |
---------------+-------------------------------------+-----
Spellcasting   | 4 5 6 8 9 10 11 | 11.4
Fighting       | 1 3 5 6 8 10 12 13 | 13.5
Dodging        | |  2.1
Stealth        | |  1.5

Action                     |  1- 3 |  4- 6 |  7- 9 | 10-12 || total
---------------------------+-------+-------+-------+-------++-------
  Melee: Dagger            |     2 |       |       |       ||     2
         Flail             |       |     5 |       |       ||     5
         Sling             |       |       |       |     2 ||     2
   Fire: Sling             |       |       |    59 |    63 ||   122
   Cast: Magic Dart        |    45 |    58 |    54 |       ||   157
         Searing Ray       |     4 |    12 |    21 |    23 ||    60
         Dazzling Flash    |       |     3 |     1 |     5 ||     9
         Stone Arrow       |       |       |    20 |   106 ||   126
         Fulminant Prism   |       |       |     3 |    32 ||    35
         Iskenderun's Myst |       |       |       |     4 ||     4
 Invoke: Oozemancy         |       |       |       |     1 ||     1
  Evoke: Wand              |       |       |       |     2 ||     2
    Use: Scroll            |       |     3 |     5 |     6 ||    14
         Potion            |       |       |       |     2 ||     2
 Armour: Robe              |     4 |    10 |     4 |    33 ||    51
  Dodge: Dodged            |    11 |    47 |    37 |   150 ||   245
  Block: Other             |       |       |    12 |    57 ||    69
         Reflection        |       |       |     1 |     7 ||     8

Table legend: (Time is in decaauts)
 A = Elapsed time spent in this place.
 B = Non-inter-level travel time spent in this place.
 C = Inter-level travel time spent in this place.
 D = Time resting spent in this place.
 E = Time spent auto-exploring this place.
 F = Levels seen in this place.
 G = Mean time per level.
                   A        B        C        D        E       F      G
               +--------+--------+--------+--------+--------+-----+--------+
         Total |  12962 |  12458 |    504 |   4115 |   6008 |  14 |  925.9 |
       Dungeon |  11977 |  11473 |    504 |   3674 |   5724 |  12 |  998.1 |
          Lair |    586 |    586 |      0 |    300 |    161 |   1 |  586.0 |
       Ossuary |    398 |    398 |      0 |    141 |    123 |   1 |  398.0 |
               +--------+--------+--------+--------+--------+-----+--------+

Top non-repeatable levels by time:
    D:11: 1865 daAuts
     D:9: 1327 daAuts
    D:10: 1278 daAuts
     D:5: 1272 daAuts
     D:7: 1163 daAuts
     D:3: 1114 daAuts
     D:8: 1088 daAuts
     D:6: 805 daAuts
     D:4: 761 daAuts
     D:2: 681 daAuts
     D:1: 614 daAuts
  Lair:1: 586 daAuts
 Ossuary: 398 daAuts
    D:12: 4 daAuts
